 Dungeon Crawl Stone Soup version 0.27-a0-1219-g958d993ae5 (webtiles) character file.

Game seed: 10684519964484791385

97687 sanka the Warrior (level 16, -16/130 HPs)
             Began as a Djinni Necromancer on June 6, 2021.
             Was the Champion of Makhleb.
             Demolished by Saint Roka
             ... wielding a +2 vampiric battleaxe
              (31 damage)
             ... on level 2 of the Orcish Mines.
             The game lasted 01:05:16 (25506 turns).

sanka the Warrior (Djinni Necromancer)             Turns: 25506, Time: 01:05:16

Health: -16/130    AC: 17    Str:  7    XL:     16   Next: 70%
Gold:   2120       EV: 25    Int: 26    God:    Makhleb [******] SH:  0 Dex: 22

rFire    + . .     SeeInvis +   a - +5 broad axe "Fisusu" {freeze, rF- Int+2 Dex+8}
rCold    + + .     Faith    .   (no shield)
rNeg     . . .     Spirit   .   X - +4 skin of Zhor {*Englaciate rC+++ SInv}
rPois    ∞         Reflect  .   h - +0 helmet
rElec    .         Harm     .   z - +0 cloak
rCorr    .         Rampage  .   n - +0 pair of gloves
Will     +....                  (boots unavailable)
Stlth    ++........             K - amulet of regeneration
HPRegen  1.31/turn              A - +4 ring of protection
MPRegen  0.00/turn              C - +4 ring of protection

@: about to teleport, flying
A: sickness immunity, fire resistance 2, cold vulnerability 1, float, innate
caster, hp casting, extra vitality 1
a: Renounce Religion, Minor Destruction, Lesser Servant of Makhleb, Major
Destruction, Greater Servant of Makhleb


You were on level 2 of the Orcish Mines.
You worshipped Makhleb.
Makhleb was exalted by your worship.
You visited 4 branches of the dungeon, and saw 22 of its levels.
You also visited: Ice Cave.

You collected 2480 gold pieces.
You spent 360 gold pieces at shops.


Innate Abilities, Weirdness & Mutations

You are immune to sickness and miasma.
You are immune to poison.
Your flesh is very heat resistant. (rF++)
You are vulnerable to cold. (rC-)
You float through the air rather than walking.
You learn spells naturally, not from books.
Your magical power is your life essence.
You have superior vitality. (+4 HP)


   Skills:
 + Level 17.0 Fighting
 - Level 16.0 Dodging
 - Level 1.5 Stealth
 - Level 13.0 Spellcasting


You had one spell level left.
You knew the following spells:

 Your Spells              Type           Power      Damage    Failure   Level
c - Agony                 Necr           71%        N/A       1%          5
i - Portal Projectile     Hex/Tloc       100%       N/A       1%          3
o - Fulminant Prism       Conj/Hex       35%        3d18      1%          4
p - Fireball              Conj/Fire      35%        3d15      1%          5
u - Poisonous Vapours     Pois/Air       100%       N/A       1%          2
v - Bolt of Magma         Conj/Fire/Erth 35%        4d15      1%          5
x - Pain                  Necr           100%       1d9       0%          1
y - Corona                Hex            78%        N/A       0%          1
z - Vampiric Draining     Necr           35%        2d11      1%          3
X - Animate Dead          Necr           35%        N/A       1%          4
Y - Starburst             Conj/Fire      35%        8x6d10    2%          6
Z - Animate Skeleton      Necr           100%       N/A       0%          1
Your spell library was empty.

Inventory:

Hand Weapons
 a - the +5 broad axe "Fisusu" (weapon) {freeze, rF- Int+2 Dex+8}

   It has been specially enchanted to freeze those struck by it, causing extra
   injury to most foes and up to half again as much damage against particularly
   susceptible opponents.
   It can also slow down cold-blooded creatures.
   It affects your intelligence (+2).
   It affects your dexterity (+8).
   It makes you vulnerable to fire.
Missiles
 y - 3 curare-tipped darts {=f}
 M - 7 throwing nets {=f}
Armour
 h - a +0 helmet (worn)
 n - a +0 pair of gloves (worn)
 z - a +0 cloak (worn)
 D - +0 acid dragon scales
 X - the +4 skin of Zhor (worn) {*Englaciate rC+++ SInv}

   It renders you almost immune to cold.
   It lets you see invisible.
Jewellery
 A - a +4 ring of protection (left hand)
 C - a +4 ring of protection (right hand)
 H - a ring of flight
 K - an amulet of regeneration (around neck)
Wands
 b - a wand of mindburst (25)
 q - a wand of acid (15)
 r - a wand of polymorph (15)
 x - a wand of digging (11)
 I - a wand of iceblast (25)
 L - a wand of paralysis (11)
 Q - a wand of charming (8)
Scrolls
 e - 3 scrolls of silence {!r}
 g - 2 scrolls of summoning
 i - a scroll of magic mapping
 k - 5 scrolls of enchant weapon
 l - a scroll of fear
 s - 2 scrolls of vulnerability {!r}
 u - 3 scrolls of torment {!r}
 w - 9 scrolls of teleportation {@r4}
 E - 3 scrolls of fog
 O - a scroll of enchant armour
 P - 2 scrolls of acquirement
Potions
 d - 7 potions of curing {@q1}
 f - 6 potions of lignification {!q}
 j - 9 potions of heal wounds {@q2}
 m - 3 potions of ambrosia {unknown}
 o - 5 potions of haste {@q3}
 p - a potion of mutation {!q}
 t - 2 potions of brilliance {unknown}
 v - 2 potions of attraction {unknown}
 B - 7 potions of might
 F - a potion of flight {unknown}
 G - 4 potions of degeneration {unknown}
 R - a potion of invisibility {unknown}
 W - a potion of cancellation
Miscellaneous
 c - a box of beasts
 V - a condenser vane (inert)

Dungeon Overview and Level Annotations

Branches:
Dungeon (13/15)            Temple (1/1) D:4            Lair (6/6) D:10
 Shoals (0/4) Lair:2        Snake (0/4) Lair:4        Slime (0/5) Lair:5
    Orc (2/2) D:10            Elf (0/3) Orc:2         IceCv (visited)
 Vaults: D:13-14

Altars:
Ashenzari
Cheibriados
Dithmenos
Elyvilon
Fedhas
Gozag
Hepliaklqana
Kikubaaqudgha
Makhleb
Nemelex Xobeh
Okawaru
Qazlal
Ru
Sif Muna
Trog
Uskayaw
Vehumet
Wu Jian
Xom
Yredelemnul
Zin
The Shining One
Beogh

Shops:
D:6 =   D:12 (   Orc:2 [(*

Annotations:
D:10 3 runed translucent doors, wakim's ghost, journeyman DjCj
Orc:2 Saint Roka

▒▒.▒..▒▒▒▒▒.8.▒▒▒▒▒..▒.)▒
▒.....▒...▒o..▒...▒.....▒ ▒▒▒
▒▒..[.▒...'[..'...▒.....'
▒▒.▒▒▒.....▒...▒...▒...▒.....▒
▒.....▒....▒▒▒▒▒)..▒▒▒▒▒.....▒
▒▒.........▒▒ ▒8)[.8▒ ▒▒.▒.▒..
▒..........▒▒▒)[[..▒▒▒.....▒▒
▒▒......▒.....▒▒#§'▒▒........▒
▒............Ro###............
▒.............▒.8.8...........
▒▒.▒.........▒▒...............
▒▒▒......................[....
▒.......................[[....
▒....▒.......o...............▒.
▒▒.▒▒.....................▒..▒▒
▒▒▒▒.......▒'▒▒▒.............▒
▒........▒ ▒.......▒......


You could see Saint Roka (poisoned, corroded) and an orc warrior (slow).


Message History

You feel life coursing into your body!
* * * LOW HITPOINT WARNING * * *
An orc warrior comes into view. It is wielding a +0 long sword.
Saint Roka calls down the wrath of Beogh upon you.
Beogh smites you!
* * * LOW HITPOINT WARNING * * *
Unknown command.
Aiming: Vampiric Draining (safe; 1% risk of failure)
Aim: Saint Roka, wielding a +2 vampiric battleaxe and wearing a +0 plate armour (moderately wounded, very poisoned, covered in acid)
You draw life force from Saint Roka!
You feel life coursing into your body!
* * * LOW HITPOINT WARNING * * *
You radiate an aura of cold.
Saint Roka resists.
The orc warrior seems to slow down.
Saint Roka hits you with a +2 vampiric battleaxe!!
* * * LOW HITPOINT WARNING * * *
Unknown command.
Aiming: Vampiric Draining (safe; 1% risk of failure)
Aim: Saint Roka, wielding a +2 vampiric battleaxe and wearing a +0 plate armour (moderately wounded, poisoned, covered in acid)
You draw life force from Saint Roka!
You feel life coursing into your body.
* * * LOW HITPOINT WARNING * * *
Saint Roka hits you with a +2 vampiric battleaxe!!
* * * LOW HITPOINT WARNING * * *
Unknown command.
As you read the scroll of teleportation {@r4}, it crumbles to dust.
You feel strangely unstable.
Saint Roka hits you with a +2 vampiric battleaxe!!
You die...

Action                   |  1- 3 |  4- 6 |  7- 9 | 10-12 | 13-15 | 16-18 || total
-------------------------+-------+-------+-------+-------+-------+-------++-------
Melee: Dagger            |       |    14 |       |       |       |       ||    14
       Quarterstaff      |       |       |    56 |       |       |       ||    56
       Long sword        |       |       |   102 |       |       |       ||   102
       Broad axe         |       |       |     1 |   139 |    47 |    15 ||   202
 Cast: Pain              |    50 |    31 |       |       |       |       ||    81
       Vampiric Draining |       |    29 |    82 |   185 |   413 |   261 ||   970
       Poisonous Vapours |       |    10 |    30 |    53 |       |       ||    93
       Corona            |       |     1 |       |       |       |       ||     1
       Animate Skeleton  |       |       |     2 |       |       |       ||     2
       Fulminant Prism   |       |       |     1 |       |       |       ||     1
       Agony             |       |       |       |     6 |     1 |       ||     7
       Bolt of Magma     |       |       |       |    21 |   209 |    80 ||   310
       Fireball          |       |       |       |       |    17 |    14 ||    31
       Animate Dead      |       |       |       |       |     3 |       ||     3
       Starburst         |       |       |       |       |    10 |     8 ||    18
Evoke: Wand              |       |       |     1 |     5 |       |     2 ||     8
       Condenser vane    |       |       |       |       |       |     1 ||     1
  Use: Scroll            |       |       |     5 |     6 |     4 |     4 ||    19
 Stab: Distracted        |       |       |     1 |       |       |       ||     1
       Sleeping          |       |       |     1 |       |       |       ||     1
Armor: Robe              |     3 |    10 |    62 |       |     4 |       ||    79
       Acid dragon scale |       |       |    30 |    32 |       |       ||    62
       Skin              |       |       |     6 |       |       |       ||     6
       Steam dragon scal |       |       |       |   135 |     3 |       ||   138
       Ring mail         |       |       |       |       |    74 |       ||    74
       Animal skin       |       |       |       |       |    62 |    56 ||   118
Dodge: Dodged            |     9 |    32 |   187 |   379 |   537 |   311 ||  1455
       Rpst.: Long sword |       |       |    39 |       |       |       ||    39

Levels and vault maps discovered:
D:1:      dpeg_arrival_rooms_b, layout_basic, serial_bayou, serial_bayou_pond_d,
          serial_bayou_crossing, serial_bayou_shore_b, serial_bayou_pond_b
D:2:      layout_rooms, kennysheep_minor_cross, kennysheep_generic_room_4
D:3:      layout_loops_corners, chequers_temple_overflow_statue_of_worship,
          minmay_circle_x, uniq_natasha, uniq_robin
D:4:      layout_basic, trog_book, minmay_temple_entry_tees
D:5:      layout_cave_pods, minmay_misc_feat_room
D:6:      layout_rooms, nicolae_tso_swordbearing_angel, serial_shops,
          nicolae_shop_stone, minmay_small_thing
D:7:      layout_loops_cross, lemuel_tele_altar, kb_rosetta
D:8:      layout_rooms, nicolae_benzene_ring, uniq_pikel, uniq_maurice,
          uniq_maggie
D:9:      layout_basic, kennysheep_mini, grunt_dithmenos_smoke
D:10:     cheibrodos_shockbox, layout_loops_ring, marbit_many_paths,
          kennysheep_mini_moat, jmf_multi_god_temple2,
          nicolae_ashenzari_skybound, kennysheep_little_box,
          grunt_lair_entry_orc_guard_hut, orc_0_dummy,
          ploomutoo_gammafunk_ghost_potion_laboratory, uniq_harold
D:11:     layout_basic
D:12:     layout_irregular_city, serial_shops, nicolae_shop_overgrown_old_shop,
          portal_ice_cave_demonic_guard, uniq_fannar
D:13:     layout_loops_ring, david_vaults_5, serial_shops,
          nicolae_shop_behind_doors, nrook_uturn, uniq_erolcha
Temple:   jpeg_temple_island
Lair:1:   layout_concentric_octagons, minmay_stone_trees_small,
          hellmonk_guarded_unrand_zhor, grunt_megastairs_3, uniq_erica
Lair:2:   nzn_winding_woodlands_stair_trap
          [nzn_winding_woodlands_5x15_lazy_stream,
          nzn_winding_woodlands_5x15_cabin, nzn_winding_woodlands_5x15_zeroes,
          nzn_winding_woodlands_15x15_killbox, nzn_winding_woodlands_5x15_eye,
          nzn_winding_woodlands_5x15_sidewinder,
          nzn_winding_woodlands_5x15_concentric], layout_cave_shapes,
          minmay_shoals_entry_centaurs, uniq_sonja
Lair:3:   layout_cave_pods
Lair:4:   layout_gridlike, guppyfry_snake_entry_garden,
          kennysheep_basilisk_garden, lemuel_fruit_tree, grunt_megastairs_1
Lair:5:   onia_ninara_swampy_vault, layout_misc_corridors,
          minmay_slime_entry_pillars
Lair:6:   gammafunk_lair_ancient_temple, layout_misc_corridors, dpeg_oklob_1
Orc:1:    cheibrodos_orc_guarddog, layout_caves, hellmonk_bongcloud_opening,
          uniq_urug
Orc:2:    grunt_orc_community_town_hall, layout_diamond_mine,
          grunt_orc_community_big_house_2, grunt_orc_community_big_house_2,
          grunt_orc_community_house_1, grunt_orc_community_house_3,
          grunt_orc_community_house_2, grunt_orc_community_house_3,
          grunt_orc_community_house_1, grunt_orc_community_house_3, basic_altar,
          elf_legates

Notes
Turn   | Place    | Note
-------+----------+-------------------------------------------
     0 | D:1      | sanka the Djinni Necromancer began the quest for the Orb.
     0 | D:1      | Reached XP level 1. HP: 15/15 MP: 0/0
   398 | D:1      | Reached XP level 2. HP: 4/21 MP: 0/0
  1606 | D:1      | Reached XP level 3. HP: 20/25 MP: 0/0
  1606 | D:1      | Learned a level 1 spell: Corona
  2067 | D:2      | Reached skill level 4 in Spellcasting
  2248 | D:2      | Noticed a scorpion
  2403 | D:2      | Reached XP level 4. HP: 16/31 MP: 0/0
  3497 | D:3      | Found an ornate altar of the Wu Jian Council.
  3497 | D:3      | Found a blossoming altar of Fedhas.
  3603 | D:3      | Noticed Robin
  3687 | D:2      | Killed Robin
  3811 | D:3      | Reached XP level 5. HP: 34/35 MP: 0/0
  3811 | D:3      | Learned a level 2 spell: Poisonous Vapours
  4456 | D:3      | Noticed Natasha
  4462 | D:3      | Killed Natasha
  4463 | D:3      | Reached skill level 5 in Spellcasting
  4686 | D:3      | Noticed a centaur
  4693 | D:3      | Killed a centaur
  4694 | D:3      | Reached XP level 6. HP: 35/40 MP: 0/0
  4776 | D:3      | Noticed an ogre
  4788 | D:3      | Killed an ogre
  5244 | D:3      | Noticed Natasha
  5258 | D:3      | Killed Natasha
  5259 | D:3      | Reached skill level 6 in Spellcasting
  5663 | D:2      | Reached skill level 1 in Fighting
  5663 | D:2      | Reached XP level 7. HP: 41/47 MP: 0/0
  5663 | D:2      | Learned a level 3 spell: Portal Projectile
  5861 | D:3      | Found an ornate altar of the Wu Jian Council.
  5861 | D:3      | Found a blossoming altar of Fedhas.
  6231 | D:3      | Noticed Natasha
  6234 | D:3      | Killed Natasha
  6310 | D:4      | Reached skill level 3 in Dodging
  6427 | D:4      | Reached skill level 2 in Fighting
  6659 | D:4      | Found a staircase to the Ecumenical Temple.
  6665 | Temple   | Entered the Ecumenical Temple
  7201 | Temple   | Became a worshipper of Makhleb the Destroyer
  7604 | D:4      | Found a bloodstained altar of Trog.
  7789 | D:4      | Reached skill level 4 in Dodging
  8139 | D:5      | Entered Level 5 of the Dungeon
  8145 | D:5      | Reached skill level 3 in Fighting
  8145 | D:5      | Reached XP level 8. HP: 36/56 MP: 0/0
  8430 | D:5      | Reached skill level 5 in Dodging
  8582 | D:5      | Reached skill level 4 in Fighting
  9533 | D:5      | Reached skill level 6 in Dodging
  9672 | D:6      | Reached skill level 5 in Fighting
  9870 | D:6      | Reached XP level 9. HP: 16/65 MP: 0/0
  9870 | D:6      | Learned a level 4 spell: Fulminant Prism
 10151 | D:6      | Reached skill level 6 in Fighting
 10151 | D:6      | Reached skill level 7 in Dodging
 10322 | D:6      | Reached * piety under Makhleb
 10400 | D:6      | Identified +0 acid dragon scales
 10779 | D:6      | Found Ovouqake's Jewellery Boutique.
 11040 | D:6      | Found a glowing golden altar of the Shining One.
 11310 | D:7      | Identified the +5 broad axe "Fisusu" {freeze, rF- Int+2
                  | Dex+8}
 11331 | D:7      | Noticed a komodo dragon
 11345 | D:7      | Killed a komodo dragon
 11536 | D:7      | Noticed a kobold demonologist
 11545 | D:7      | Noticed a sixfirhy
 11545 | D:7      | Killed a kobold demonologist
 11546 | D:7      | Reached skill level 7 in Spellcasting
 11546 | D:7      | Reached XP level 10. HP: 72/73 MP: 0/0
 11718 | D:7      | Found a stormy altar of Qazlal.
 11751 | D:7      | Identified +0 steam dragon scales
 11752 | D:7      | Reached skill level 8 in Spellcasting
 11833 | D:7      | Reached skill level 7 in Fighting
 11833 | D:7      | Reached skill level 8 in Dodging
 12034 | D:7      | Noticed a death knight
 12042 | D:7      | Killed a death knight
 12465 | D:8      | Reached skill level 9 in Dodging
 12654 | D:8      | Reached skill level 8 in Fighting
 12742 | D:8      | Noticed Maurice
 12754 | D:8      | Killed Maurice
 12930 | D:6      | Bought an amulet of regeneration for 360 gold pieces
 12980 | D:8      | Reached ** piety under Makhleb
 12983 | D:8      | Paralysed by a wight for 6 turns
 12993 | D:8      | Paralysed by a wight for 2 turns
 13036 | D:8      | Identified +0 acid dragon scales
 13036 | D:8      | Noticed Maggie
 13045 | D:8      | Killed Maggie
 13046 | D:8      | Reached XP level 11. HP: 82/82 MP: 0/0
 13046 | D:8      | Learned a level 5 spell: Bolt of Magma
 13078 | D:8      | Noticed Pikel
 13085 | D:8      | Killed Pikel
 13086 | D:8      | Reached skill level 9 in Fighting
 13086 | D:8      | Reached skill level 10 in Dodging
 13598 | D:9      | Found a shadowy altar of Dithmenos.
 13953 | D:9      | Found a sparkling altar of Nemelex Xobeh.
 14264 | D:10     | Entered Level 10 of the Dungeon
 14337 | D:10     | Found a broken altar of Ashenzari.
 14434 | D:10     | Found a staircase to the Lair.
 14467 | D:10     | Found a staircase to the Orcish Mines.
 14550 | D:10     | Reached skill level 11 in Dodging
 14624 | D:10     | Noticed Harold
 14632 | D:10     | Killed Harold
 14633 | D:10     | Reached skill level 10 in Fighting
 14648 | D:10     | Found a hide-covered altar of Uskayaw.
 14651 | D:10     | Found a large runed translucent door.
 14653 | D:10     | Found a large runed translucent door.
 14688 | D:10     | Found a runed translucent gate.
 14688 | D:10     | Found a runed translucent gate.
 14688 | D:10     | Noticed a green ugly thing
 14688 | D:10     | Noticed a purple ugly thing
 14689 | D:10     | Found a runed translucent gate.
 14689 | D:10     | Noticed a green ugly thing
 14690 | D:10     | Noticed a brown ugly thing
 14690 | D:10     | Noticed a red ugly thing
 14691 | D:10     | Noticed a cyan very ugly thing
 14781 | D:10     | Found a runed translucent door.
 14781 | D:10     | Noticed a sixfirhy
 14843 | D:10     | Found a glowing silver altar of Zin.
 14902 | D:10     | Found a sacrificial altar of Ru.
 15157 | D:10     | Killed a white very ugly thing
 15158 | D:10     | Reached skill level 9 in Spellcasting
 15158 | D:10     | Reached XP level 12. HP: 73/92 MP: 0/0
 15199 | D:10     | Found a runed translucent gate.
 15199 | D:10     | Found a runed translucent gate.
 15204 | D:10     | Noticed wakim's ghost (journeyman DjCj)
 15205 | D:10     | Found a runed translucent gate.
 15205 | D:10     | Noticed a fire crab
 15205 | D:10     | a jumping spider changed into a fire crab
 15337 | D:10     | Found an opulent altar of Gozag.
 15389 | D:10     | Killed a sixfirhy
 15390 | D:10     | Reached skill level 12 in Dodging
 15511 | D:11     | Reached *** piety under Makhleb
 15512 | D:11     | Reached skill level 11 in Fighting
 15648 | D:11     | Noticed a two-headed ogre
 15657 | D:11     | Killed a two-headed ogre
 15911 | D:11     | You are sucked into a shaft and drop 2 floors!
 15912 | D:13     | Noticed a centaur warrior
 15917 | D:13     | Killed a centaur warrior
 15945 | D:12     | Noticed a soul eater
 15978 | D:12     | Identified a scroll of acquirement
 16119 | D:12     | Noticed an eight-headed hydra
 16124 | D:12     | Killed an eight-headed hydra
 16171 | D:12     | Found a frozen archway.
 16192 | D:12     | Reached XP level 13. HP: 91/100 MP: 0/0
 16192 | D:12     | Learned a level 5 spell: Fireball
 16200 | IceCv    | Entered an ice cave
 16221 | IceCv    | Reached skill level 10 in Spellcasting
 16319 | IceCv    | Reached skill level 13 in Dodging
 16370 | IceCv    | Reached **** piety under Makhleb
 16381 | IceCv    | Reached skill level 12 in Fighting
 16856 | IceCv    | Reached ***** piety under Makhleb
 16857 | IceCv    | Noticed a frost giant
 16864 | IceCv    | Killed a frost giant
 17321 | D:12     | Noticed a boulder beetle
 17400 | D:12     | Found Goys's Antique Weapon Emporium.
 17545 | D:12     | Noticed Fannar
 17548 | D:12     | Killed Fannar
 17565 | D:12     | Killed a boulder beetle
 17566 | D:12     | Reached skill level 14 in Dodging
 17934 | Lair:1   | Entered Level 1 of the Lair of Beasts
 17979 | Lair:1   | Reached XP level 14. HP: 90/108 MP: 0/0
 17995 | Lair:1   | Reached skill level 11 in Spellcasting
 17997 | Lair:1   | Found the +4 skin of Zhor {*Englaciate rC+++ SInv}
 18037 | Lair:1   | Reached skill level 13 in Fighting
 18181 | Lair:1   | Noticed Erica
 18185 | Lair:1   | Killed Erica
 18855 | Lair:2   | Reached skill level 15 in Dodging
 19140 | Lair:2   | Found a staircase to the Shoals.
 19159 | Lair:2   | Noticed Sonja
 19162 | Lair:2   | Killed Sonja
 19162 | Lair:2   | You are sucked into a shaft and drop 2 floors!
 19189 | Lair:4   | Reached skill level 14 in Fighting
 19222 | Lair:4   | Found a staircase to the Snake Pit.
 19867 | Lair:4   | You are sucked into a shaft and drop 1 floor!
 19882 | Lair:5   | Reached XP level 15. HP: 118/118 MP: 0/0
 19882 | Lair:5   | Learned a level 6 spell: Starburst
 19940 | Lair:5   | Found a staircase to the Slime Pits.
 20096 | Lair:5   | Reached skill level 16 in Dodging
 20125 | Lair:5   | Reached ****** piety under Makhleb
 20333 | Lair:5   | Reached skill level 15 in Fighting
 22517 | Lair:6   | Entered Level 6 of the Lair of Beasts
 22604 | Lair:6   | Reached skill level 12 in Spellcasting
 22714 | Lair:6   | Reached XP level 16. HP: 103/128 MP: 0/0
 22727 | Lair:6   | Reached skill level 16 in Fighting
 23743 | Orc:1    | Entered Level 1 of the Orcish Mines
 23940 | Orc:1    | Noticed Urug
 23948 | Orc:1    | Killed Urug
 24174 | Orc:2    | Entered Level 2 of the Orcish Mines
 24569 | Orc:2    | Identified a +2 robe of the Archmagi
 24622 | Orc:2    | Found Lijeol's General Store.
 24858 | Orc:2    | Found a staircase to the Elven Halls.
 25190 | Orc:2    | Found Ceux's Antique Weapon Shoppe.
 25302 | Orc:2    | Reached skill level 13 in Spellcasting
 25321 | Orc:2    | Reached skill level 17 in Fighting
 25354 | Orc:2    | Noticed Saint Roka
 25355 | Orc:2    | Found Mirchynusue's Antique Armour Shop.
 25506 | Orc:2    | Demolished by Saint Roka

Vanquished Creatures
  A frost giant (IceCv)
  2 orc warlords (Orc:2)
  A very ugly thing (D:10)
  A dire elephant (Lair:6)
  3 boulder beetles
  13 hydras
  Fannar (D:12)
  Harold (D:10)
  A death knight (D:7)
  A merfolk avatar (Lair:6)
  Erica (Lair:1)
  An alligator (Lair:5)
  A centaur warrior (D:13)
  A catoblepas (Lair:6)
  A two-headed ogre (D:11)
  2 death yaks (IceCv)
  An orc high priest (Orc:2)
  Urug (Orc:1)
  Sonja (Lair:2)
  A sixfirhy (D:10)
  2 goliath frogs (Lair:5)
  3 sea snakes (Lair:6)
  A swamp dragon (Lair:5)
  A deep elf archer (Orc:2)
  A lindwurm (Lair:4)
  A harpy (Lair:6)
  Pikel (D:8)
  2 orc knights (Orc:2)
  2 deep elf pyromancers
  5 ugly things (D:10)
  2 deep elf zephyrmancers (Orc:2)
  3 cyclopes
  6 orc sorcerers
  3 oklob plants (Lair:6)
  4 black mambas
  An ice statue (IceCv)
  8 elephants
  3 torpor snails
  Maurice (D:8)
  2 kobold demonologists
  13 cane toads
  A gargoyle (D:12)
  Maggie (D:8)
  15 rime drakes
  An unseen horror (D:11)
  8 komodo dragons
  2 ice devils (D:12)
  24 polar bears
  9 trolls
  5 hornets
  3 slime creatures (Lair:5)
  9 dream sheep
  20 blink frogs
  2 wraiths
  10 wyverns
  56 yaks
  10 basilisks
  2 steam dragons
  7 vampire mosquitoes
  7 wargs
  2 nagas (Lair:4)
  6 swamp worms (Lair:5)
  9 water moccasins
  An acid dragon (D:6)
  30 orc warriors
  A black bear (D:7)
  2 ice beasts
  A necrophage (D:5)
  9 ogres
  32 wolves
  10 centaurs
  5 phantoms
  2 gnoll sergeants
  13 bullfrogs
  4 scorpions
  A water moccasin zombie (D:7)
  2 water moccasin skeletons
  5 killer bees (D:10)
  12 wights
  2 howler monkeys
  5 centaur zombies
  2 jellies
  A gnoll shaman (D:8)
  A hound (D:6)
  16 orc priests
  A centaur skeleton (D:4)
  2 bullfrog skeletons (D:6)
  2 iguanas
  Natasha (thrice) (D:3)
  32 orc wizards
  A howler monkey zombie (D:8)
  Robin (D:2)
  6 gnolls
  10 adders
  An ufetubus (D:3)
  An adder skeleton (D:4)
  2 worms
  5 dart slugs
  84 orcs
  3 endoplasms
  3 giant cockroaches
  17 goblins
  6 hobgoblins
  8 jackals
  3 quokkas
  6 ball pythons
  5 bats
  3 frilled lizards
  5 kobolds
  6 rats
  2 bushes
685 creatures vanquished.

Vanquished Creatures (collateral kills)
  A bullfrog (Lair:4)
1 creature vanquished.

Vanquished Creatures (others)
  2 orc priests (Orc:2)
  An orc wizard (Orc:2)
  2 orcs
  A fulminant prism (D:7)
  46 fungi
  82 plants
134 creatures vanquished.

Grand Total: 820 creatures vanquished
